 Dungeon Crawl Stone Soup version 0.25.1-2-g60ff931df9 (webtiles) character file.

Game seed: 4426428702691756456

30578 KamiKatze the Devastator (level 13, -13/78 HPs)
             Began as a Deep Elf Conjurer on Nov 16, 2020.
             Was an Elder of Vehumet.
             Splashed with acid (24 damage)
             ... on level 6 of the Lair of Beasts on Nov 17, 2020.
             The game lasted 01:42:58 (17589 turns).

KamiKatze the Devastator (Deep Elf Conjurer)       Turns: 17589, Time: 01:42:58

Health: -13/78     AC: 10    Str:  5    XL:     13   Next: 21%
Magic:  32/32      EV: 17    Int: 26    God:    Vehumet [****..]
Gold:   1053       SH:  0    Dex: 15    Spells: 10/38 levels left

rFire    + . .     SeeInvis .   t - staff of wizardry
rCold    . . .     Gourm    .   (no shield)
rNeg     . . .     Faith    .   v - +1 robe {rF+}
rPois    .         Spirit   .   (no helmet)
rElec    .         Reflect  .   (no cloak)
rCorr    .         Harm     .   H - +0 pair of gloves
MR       +....                  x - +1 pair of boots
Stlth    ++........             P - amulet of regeneration
HPRegen  0.63/turn              B - +4 ring of protection
MPRegen  0.23/turn              i - +4 ring of evasion

@: no status effects
A: no striking features
a: Renounce Religion


You were on level 6 of the Lair of Beasts.
You worshipped Vehumet.
Vehumet was greatly pleased with you.
You were hungry.

You visited 3 branches of the dungeon, and saw 17 of its levels.
You also visited: Sewer and Gauntlet.

You collected 1082 gold pieces.
You spent 29 gold pieces at shops.

Inventory:

Hand Weapons
 l - a +2 dagger of protection
 y - a +0 vampiric falchion
Missiles
 j - 489 stones (quivered)
 m - 6 atropa-tipped darts
 r - 15 curare-tipped darts
 E - 25 poisoned darts
 N - 2 throwing nets
 S - 10 boomerangs
Armour
 s - a +0 kite shield
 v - a +1 robe of fire resistance (worn)
 x - a +1 pair of boots (worn)
 H - a +0 pair of gloves (worn)
Magical Staves
 t - an uncursed staff of wizardry (weapon)
 U - an uncursed staff of death
Jewellery
 b - an uncursed ring of see invisible
 i - a +4 ring of evasion (right hand)
 B - a +4 ring of protection (left hand)
 K - a +4 ring of protection
 P - an amulet of regeneration (around neck)
Wands
 z - a wand of iceblast (15)
 J - a wand of acid (11)
 O - a wand of paralysis (7)
 T - a wand of disintegration (9)
Scrolls
 e - 6 scrolls of teleportation
 f - 6 scrolls of identify
 h - a scroll of brand weapon
 n - 10 scrolls of remove curse
 o - 3 scrolls of fog
 G - a scroll of enchant armour
 I - a scroll of silence
 M - 2 scrolls of fear
 Q - a scroll of enchant weapon
 R - a scroll of vulnerability
Potions
 a - a potion of berserk rage
 d - 4 potions of might
 g - 3 potions of cancellation
 k - 2 potions of invisibility
 p - 2 potions of resistance
 q - 2 potions of heal wounds
 u - a potion of stabbing
 w - 6 potions of brilliance
 A - 3 potions of haste
 C - 5 potions of lignification
 D - a potion of mutation
 F - a potion of flight
 L - 6 potions of curing
 V - a potion of magic
Comestibles
 c - 31 rations


   Skills:
 + Level 8.3 Fighting
 - Level 2.4 Dodging
 - Level 2.4 Stealth
 + Level 13.1 Spellcasting
 + Level 17.0 Conjurations
 - Level 7.0 Hexes
 - Level 4.0 Charms
 - Level 7.0 Translocations
 * Level 7.9 Fire Magic
 * Level 3.2 Earth Magic


You had 10 spell levels left.
You knew the following spells:

 Your Spells              Type           Power        Failure   Level  Hunger
a - Magic Dart            Conj           ####         0%          1    None
b - Searing Ray           Conj           ######       0%          2    None
c - Fulminant Prism       Conj/Hex       ######....   1%          4    None
d - Iskenderun's Mystic   Conj/Tloc      ######..     1%          4    None
e - Bolt of Magma         Conj/Fire/Erth ######....   1%          5    ##.....
f - Iskenderun's Battles  Conj/Chrm      ######..     1%          5    ##.....
O - Ring of Flames        Chrm/Fire      #####.....   65%         7    ######.

Your spell library contained the following spells:

 Spells                   Type           Power        Failure   Level  Hunger
 Foxfire                  Conj/Fire      ####         0%          1    None
 Apportation              Tloc           ######       1%          1    None
 Freeze                   Ice            ###.         1%          1    None
 Sting                    Tmut/Pois      ###.         1%          1    None
 Summon Butterflies       Summ           ###.....     1%          1    None
 Summon Small Mammal      Summ           ###.         1%          1    None
 Call Imp                 Summ           ###.....     1%          2    None
 Poisonous Vapours        Pois/Air       ###...       1%          2    None
 Conjure Flame            Conj/Fire      ######..     1%          3    None
 Dazzling Flash           Conj/Hex       ######       1%          3    None
 Frozen Ramparts          Ice            ###...       1%          3    None
 Ignite Poison            Fire/Tmut/Pois ####....     1%          3    None
 Lesser Beckoning         Tloc           ######....   1%          3    None
 Mephitic Cloud           Conj/Pois/Air  #####...     1%          3    None
 Ozocubu's Armour         Chrm/Ice       ####....     1%          3    None
 Summon Guardian Golem    Hex/Summ       #####...     1%          3    None
 Tukima's Dance           Hex            ######..     1%          3    None
 Hailstorm                Conj/Ice       ######..     1%          4    None
 Sticky Flame             Conj/Fire      ######..     1%          4    None
 Call Canine Familiar     Summ           ###.....     4%          3    None
 Olgreb's Toxic Radiance  Pois           ###.....     4%          4    None
 Freezing Cloud           Conj/Ice/Air   #####.....   6%          6    #####..
 Invisibility             Hex            ######..     12%         6    #####..
 Summon Ice Beast         Ice/Summ       ###.....     13%         4    None
 Summon Lightning Spire   Summ/Air       ###.....     13%         4    None
 Agony                    Necr           ###.....     34%         5    ##.....
 Alistair's Intoxication  Tmut/Pois      ###.....     34%         5    ##.....
 Death Channel            Necr           ###.......   87%         6    #####..


Dungeon Overview and Level Annotations

Branches:
Dungeon (10/15)            Temple (1/1) D:7            Lair (6/6) D:9
 Shoals (0/4) Lair:3       Spider (0/4) Lair:2        Slime (0/5) Lair:6
    Orc (0/2) D:9           Sewer (visited)         Gauntlet (visited)

Altars:
Ashenzari
Cheibriados
Dithmenos
Elyvilon
Fedhas
Gozag
Hepliaklqana
Kikubaaqudgha
Makhleb
Nemelex Xobeh
Okawaru
Qazlal
Ru
Sif Muna
Trog
Uskayaw
Vehumet
Wu Jian
Xom
Yredelemnul
Zin
The Shining One

Shops:
D:9 *

Annotations:
Lair:6 1 runed translucent door, 2 exclusions


Message History

Unknown command.
Your fulminant prism crackles loudly.
Your fulminant prism explodes!
Your fulminant prism explodes!
Vehumet accepts your kill.
You feel a bit more experienced.
You start resting.
HP restored.
Really walk into a travel-excluded area?
Found a staircase to the Slime Pits.
You now have 1053 gold pieces (gained 9).
There is a staircase to the Slime Pits here.
Partly explored, can't reach some items and places.
There is a staircase to the Slime Pits here.
You are splashed with acid!
You are splashed with acid!!
You are splashed with acid!!
* * * LOW HITPOINT WARNING * * *
You are splashed with acid!!
You die...

....[.........####...#
.............####....#
.............# #....##
............## #....#
...........## ##....#
...........# #.....#
...........# #.>..##
.......##### #....#
.......## ##@###
........# ##.#
........#### ###
........##.###
.#...........##
#.###.........#
..#.#...#.#####
P......##.####
.P.....#####.#


There were no monsters in sight!

Vanquished Creatures
  3 hydras
  2 death yaks (Lair:6)
  5 oklob plants (Lair:6)
  A manticore (Lair:3)
  An elephant (D:9)
  6 black mambas
  2 torpor snails (Lair:6)
  11 spiny frogs
  Maggie (D:6)
  3 rime drakes
  4 komodo dragons
  2 polar bears (Lair:5)
  A jumping spider (Lair:2)
  6 hornets
  2 tyrant leeches (Lair:6)
  Prince Ribbit (D:6)
  9 hippogriffs
  4 dream sheep (Lair:6)
  12 blink frogs
  A spriggan (D:7)
  11 yaks
  2 wyverns
  2 hungry ghosts
  A steam dragon (Lair:4)
  A basilisk (Lair:6)
  5 wargs
  A hell hound (Lair:6)
  11 water moccasins
  5 porcupines
  3 orc warriors
  A sky beast (D:7)
  An ice beast (D:3)
  2 black bears (Lair:6)
  A phantom (D:7)
  6 ogres
  A necrophage (D:8)
  7 wolves
  4 centaurs
  13 crocodiles
  11 bullfrogs
  2 scorpions
  5 wights
  2 bullfrog zombies
  A quasit (D:8)
  4 hounds
  A bullfrog skeleton (D:6)
  4 orc priests
  2 orc wizards
  Jessica (D:3)
  Terence (D:2)
  2 iguanas
  3 worker ants
  Natasha (thrice) (D:2)
  10 adders
  A gnoll (D:4)
  3 shadow imps
  3 oozes
  2 adder zombies
  An adder skeleton (D:5)
  5 worms
  A dart slug (D:1)
  9 leopard geckos
  20 orcs
  4 giant cockroaches
  12 goblins
  7 hobgoblins
  13 jackals
  6 kobolds
  3 quokkas
  5 ball pythons
  7 bats
  A frilled lizard (D:1)
  2 quokka skeletons
  2 rats (D:2)
  3 fungi
  9 plants (Lair:6)
326 creatures vanquished.

Vanquished Creatures (others)
  A wizard (D:7)
  104 fulminant prisms
  3 fungi
  31 plants
139 creatures vanquished.

Grand Total: 465 creatures vanquished

Notes
Turn   | Place    | Note
-------+----------+-------------------------------------------
     0 | D:1      | KamiKatze the Deep Elf Conjurer began the quest for the
                  | Orb.
     0 | D:1      | Reached XP level 1. HP: 10/10 MP: 6/6
   106 | D:1      | Reached XP level 2. HP: 16/16 MP: 0/8
   110 | D:1      | Learned a level 2 spell: Searing Ray
   735 | D:1      | Reached XP level 3. HP: 20/20 MP: 6/10
   922 | D:2      | Reached skill level 5 in Conjurations
  1076 | D:2      | Noticed Natasha
  1105 | D:2      | Reached skill level 1 in Fighting
  1251 | D:2      | Noticed Terence
  1348 | D:3      | Reached XP level 4. HP: 25/25 MP: 9/12
  1400 | D:3      | Learned a level 4 spell: Fulminant Prism
  1405 | D:3      | Learned a level 4 spell: Iskenderun's Mystic Blast
  1405 | D:3      | Noticed Jessica
  1834 | D:3      | Reached skill level 1 in Hexes
  1834 | D:3      | Reached XP level 5. HP: 29/29 MP: 8/14
  2043 | D:3      | Found a sacrificial altar of Ru.
  2194 | D:3      | Reached skill level 1 in Translocations
  2247 | D:2      | Killed Terence
  2247 | D:2      | Reached skill level 5 in Spellcasting
  2274 | D:2      | Killed Natasha
  2455 | D:2      | Noticed Natasha
  2459 | D:2      | Killed Natasha
  2522 | D:2      | Noticed Natasha
  2527 | D:2      | Killed Natasha
  2527 | D:2      | Reached XP level 6. HP: 23/35 MP: 12/16
  2653 | D:3      | Killed Jessica
  2653 | D:3      | Reached skill level 6 in Conjurations
  2668 | D:3      | Found a shimmering blue altar of Sif Muna.
  2850 | D:4      | Found a basalt altar of Yredelemnul.
  3014 | D:4      | Noticed an ice beast
  3302 | D:3      | Killed an ice beast
  3302 | D:3      | Reached XP level 7. HP: 10/40 MP: 9/18
  3839 | D:4      | Found a glowing golden altar of the Shining One.
  3841 | D:4      | Found a shattered altar of Ashenzari.
  4030 | D:5      | Entered Level 5 of the Dungeon
  4077 | D:5      | Found a glowing drain.
  4083 | Sewer    | Entered a sewer
  4403 | D:5      | Reached skill level 7 in Conjurations
  4457 | D:5      | Found a stormy altar of Qazlal.
  4464 | D:5      | Found a shimmering altar of Xom.
  5333 | D:6      | Noticed Prince Ribbit
  5474 | D:6      | Reached XP level 8. HP: 45/45 MP: 12/19
  5890 | D:6      | Reached skill level 8 in Conjurations
  5901 | D:6      | Found an iron altar of Okawaru.
  6023 | D:6      | Found a bloodstained altar of Trog.
  6385 | D:7      | Found a hide-covered altar of Uskayaw.
  6550 | D:7      | Noticed a cyan ugly thing
  6634 | D:6      | Killed Prince Ribbit
  6634 | D:6      | Reached skill level 5 in Translocations
  6791 | D:7      | Reached skill level 9 in Conjurations
  6837 | D:7      | Found a staircase to the Ecumenical Temple.
  6845 | Temple   | Entered the Ecumenical Temple
  7012 | Temple   | Became a worshipper of Vehumet
  7266 | D:6      | Noticed Maggie
  7376 | D:8      | Reached skill level 5 in Hexes
  7411 | D:8      | Noticed a hornet
  7487 | D:8      | Reached XP level 9. HP: 51/51 MP: 14/22
  7695 | D:8      | Found an ancient bone altar of Kikubaaqudgha.
  7759 | D:8      | Reached skill level 10 in Conjurations
  8253 | D:6      | Killed Maggie
  8253 | D:6      | Reached skill level 11 in Conjurations
  8323 | D:7      | Found a bloodstained altar of Trog.
  8325 | D:7      | Noticed a wizard
  8330 | D:7      | Killed a wizard
  8682 | D:8      | Reached skill level 12 in Conjurations
  8686 | D:8      | Reached * piety under Vehumet
  8686 | D:8      | Offered knowledge of Freeze by Vehumet.
  8884 | D:9      | Noticed an elephant
  9091 | D:9      | Reached XP level 10. HP: 50/58 MP: 20/25
  9129 | D:9      | Reached skill level 5 in Fighting
  9235 | D:9      | Found a staircase to the Lair.
  9317 | D:9      | Found Bostaph's Assorted Antiques.
  9321 | D:9      | Bought a scroll labeled RUHAMO NEFUAN for 29 gold pieces
  9429 | D:9      | Found an ancient bone altar of Kikubaaqudgha.
  9634 | D:9      | Killed an elephant
  9634 | D:9      | Reached skill level 13 in Conjurations
  9806 | D:9      | Found a staircase to the Orcish Mines.
 10212 | Lair:1   | Entered Level 1 of the Lair of Beasts
 10235 | D:10     | Entered Level 10 of the Dungeon
 10321 | Lair:1   | Noticed a black mamba
 10327 | Lair:1   | Killed a black mamba
 10418 | Lair:1   | Found a gate leading to a gauntlet.
 10427 | Gauntlet | Entered a Gauntlet
 10427 | Gauntlet | Found a transporter.
 10427 | Gauntlet | Found a transporter.
 10436 | Gauntlet | Found a transporter.
 10436 | Gauntlet | Noticed a queen ant
 10440 | Gauntlet | Found a transporter.
 10442 | Gauntlet | Noticed a death scarab
 10448 | Gauntlet | Found a transporter.
 10452 | Gauntlet | Found a transporter.
 10458 | Gauntlet | Found a runed translucent gate.
 10458 | Gauntlet | Found a runed translucent gate.
 10458 | Gauntlet | Found a runed translucent gate.
 10458 | Gauntlet | Noticed an apocalypse crab
 10494 | Gauntlet | Found a transporter.
 10509 | Gauntlet | Found a transporter.
 10514 | Gauntlet | Found a transporter.
 10519 | Gauntlet | Found a runed translucent door.
 10534 | Gauntlet | Found a transporter.
 10537 | Gauntlet | Noticed a moth of wrath
 10542 | Gauntlet | Found a runed translucent door.
 10542 | Gauntlet | Found a runed translucent door.
 10546 | Gauntlet | Found a transporter.
 10550 | Gauntlet | Found a transporter.
 10553 | Gauntlet | Noticed a moth of wrath
 11266 | Lair:1   | Reached skill level 10 in Spellcasting
 11268 | Lair:1   | Reached skill level 14 in Conjurations
 11319 | Lair:2   | Noticed a spiny frog
 11324 | Lair:2   | Killed a spiny frog
 11538 | Lair:2   | Noticed a five-headed hydra
 11548 | Lair:2   | Killed a five-headed hydra
 11586 | Lair:2   | Found a hole to the Spider Nest.
 11591 | Lair:2   | Reached XP level 11. HP: 64/64 MP: 14/27
 11868 | Lair:2   | Reached ** piety under Vehumet
 11876 | Lair:2   | Reached skill level 15 in Conjurations
 11876 | Lair:2   | Offered knowledge of Foxfire by Vehumet.
 12562 | Lair:2   | Offered knowledge of Ignite Poison by Vehumet.
 12819 | Lair:3   | Learned a level 7 spell: Ring of Flames
 12898 | Lair:3   | Reached skill level 1 in Fire Magic
 13115 | Lair:3   | Found a staircase to the Shoals.
 13139 | Lair:3   | Reached skill level 16 in Conjurations
 13296 | Lair:3   | Reached skill level 1 in Charms
 13574 | Lair:3   | Reached *** piety under Vehumet
 13730 | Lair:4   | Reached XP level 12. HP: 64/72 MP: 11/29
 14991 | Lair:5   | Offered knowledge of Inner Flame by Vehumet.
 15424 | Lair:5   | Identified a scroll of acquirement
 15426 | Lair:5   | Acquired the Collected Works on Black Magic and Fire
 15434 | Lair:5   | Learned a level 5 spell: Bolt of Magma
 15598 | Lair:6   | Entered Level 6 of the Lair of Beasts
 15622 | Lair:6   | Noticed a death yak
 15622 | Lair:6   | Noticed a death yak
 15649 | Lair:6   | Noticed a six-headed hydra
 15654 | Lair:6   | Killed a six-headed hydra
 15654 | Lair:6   | Reached skill level 5 in Fire Magic
 16044 | Lair:6   | Reached **** piety under Vehumet
 16273 | Lair:6   | Killed a death yak
 16273 | Lair:6   | Offered knowledge of Iskenderun's Battlesphere by Vehumet.
 16280 | Lair:6   | Killed a death yak
 16292 | Lair:6   | Noticed a seven-headed hydra
 16454 | Lair:6   | Learned a level 5 spell: Iskenderun's Battlesphere
 16542 | Lair:6   | Killed a seven-headed hydra
 16542 | Lair:6   | Reached skill level 1 in Earth Magic
 16799 | Lair:6   | Reached XP level 13. HP: 78/78 MP: 22/31
 17092 | Lair:6   | Reached skill level 17 in Conjurations
 17200 | Lair:6   | Identified the Papyrus of Venom
 17367 | Lair:6   | Found a runed translucent door.
 17572 | Lair:6   | Found a staircase to the Slime Pits.
 17589 | Lair:6   | Splashed with acid

Illustrated notes

Levels and vault maps discovered:
D:1:      minmay_arrival_up_and_down, layout_loops_cross, minmay_3d_cube
D:2:      layout_rooms, minmay_splitting_lines, chequers_mini_garden,
          uniq_terence, uniq_natasha
D:3:      layout_loops_cross, tgw_sif, nicolae_ru_path_of_blood, minmay_bisected
D:4:      layout_basic, nicolae_overflow_hidden_temple,
          chequers_temple_overflow_statue_of_worship, first_ration,
          serial_rivers, chequers_serial_rivers_small_a,
          chequers_serial_rivers_micro_d, chequers_serial_rivers_micro_e,
          chequers_serial_rivers_micro_e, chequers_serial_rivers_micro_a,
          minmay_manual_mess
D:5:      layout_basic, minitemple, gup_sewer_entry_pipe
D:6:      layout_loops_ring, lemuel_crystal_altar, kennysheep_okawaru_gauntlet,
          uniq_prince_ribbit1, uniq_maggie
D:7:      layout_loops_ring, eat_drink_and_be_merry_uskayaw,
          minmay_temple_entry_hall, the_bakery, trog_wizard
D:8:      layout_loops_ring, basic_altar
D:9:      layout_irregular_city, kiku_gazebo_garden_becter, david_lair_generic,
          david_orc_1_choice, serial_shops, kennysheep_mini
D:10:     layout_roguey [special_room_bee], uniq_urug
Temple:   minmay_temple_bridge_abc
Lair:1:   layout_small_grid, gauntlet_entry_generic, lemuel_fruit_fields
Lair:2:   layout_gridlike, spider_nest_entry_rubble, infiniplex_staircase_pool,
          lemuel_fruit_tree
Lair:3:   layout_small_grid, minmay_shoals_entry_beasts, serial_bayou_shore_b
Lair:4:   layout_small_grid
Lair:5:   layout_loops_ring
Lair:6:   hangedman_lair_caniforms_friends, layout_small_grid, wormcave,
          minmay_slime_entry_oklob_enclosed, minmay_lair_oklob_chamber

Skill      XL: |  1  2  3  4  5  6  7  8  9 10 11 12 13 |
---------------+----------------------------------------+-----
Spellcasting   | 4 5 6 7 9 10 11 12 13 | 13.1
Conjurations   | 5 6 7 9 12 14 16 17 | 17.0
Fighting       | 1 2 3 4 6 7 8 |  8.3
Hexes          | 1 2 3 5 6 7 |  7.0
Translocations | 1 2 4 5 6 7 |  7.0
Fire Magic     | 2 7 |  7.9
Charms         | 1 4 |  4.0
Earth Magic    | 1 3 |  3.2
Dodging        | |  2.4
Stealth        | |  2.4

Action                   |  1- 3 |  4- 6 |  7- 9 | 10-12 | 13-15 || total
-------------------------+-------+-------+-------+-------+-------++-------
Melee: Spear             |     8 |       |       |       |       ||     8
       Dagger            |       |       |     4 |       |       ||     4
       Staff             |       |       |       |     1 |     1 ||     2
 Cast: Magic Dart        |    64 |    44 |    44 |    81 |    20 ||   253
       Searing Ray       |     3 |    22 |    66 |    73 |     1 ||   165
       Iskenderun's Myst |       |     1 |     9 |    77 |       ||    87
       Fulminant Prism   |       |       |     7 |    80 |    17 ||   104
       Bolt of Magma     |       |       |       |     3 |     3 ||     6
       Iskenderun's Batt |       |       |       |     1 |     3 ||     4
  Use: Scroll            |       |     9 |    10 |    12 |     1 ||    32
       Potion            |       |     1 |       |       |       ||     1
  Eat: Chunk             |     1 |     6 |    16 |    17 |     2 ||    42
       Ration            |       |       |     1 |     2 |       ||     3
Armor: Robe              |     4 |     5 |    22 |    31 |     2 ||    64
Dodge: Dodged            |    20 |    12 |    43 |    85 |     1 ||   161
